 Dungeon Sprint DCSS version 0.21.1-1-g345015f (webtiles) character file.

256 cultivahabas the Basher (level 5, -2/47 HPs)
             Began as a Demonspawn Gladiator on May 21, 2018.
             Slain by a slime creature (8 damage)
             ... in the Dungeon (Sprint I: "Red Sonja").
             The game lasted 00:01:00 (530 turns).

cultivahabas the Basher (Demonspawn Gladiator)       Turns: 530, Time: 00:01:01

Health: -2/47      AC:  6    Str: 14    XL:     5   Next: 92%
Magic:  5/5        EV: 16    Int:  9    God:
Gold:   108        SH:  0    Dex: 16    Spells: 4/4 levels left

rFire    + . .     SeeInvis .   a - +0 flail
rCold    . . .     Gourm    .   (no shield)
rNeg     . . .     Faith    .   m - +2 leather armour {rF+}
rPois    .         Spirit   .   c - +0 helmet
rElec    .         Reflect  .   (no cloak)
rCorr    .         Harm     .   (no gloves)
MR       .....     NoTele   +   (no boots)
Stlth    +.........             (no amulet)
HPRegen  0.15/turn              (no ring)
MPRegen  0.09/turn              (no ring)

@: no status effects
A: spiny 1
a: no special abilities


You were in the Dungeon.
You were not hungry.

You visited 1 branch You collected 108 gold pieces.

Inventory:

Hand Weapons
 a - a +0 flail (weapon)
Missiles
 d - a throwing net (quivered)
Armour
 c - a +0 helmet (worn)
 m - a +2 leather armour of fire resistance (worn)
Scrolls
 k - a scroll of blinking
Potions
 e - a potion of curing
 h - a potion of haste
 i - 2 potions of magic
 j - a potion of berserk rage
Comestibles
 b - 4 chunks of flesh
 f - a ration


   Skills:
 + Level 6.4 Fighting
 * Level 8.4 Maces & Flails
 - Level 1.7 Throwing
 + Level 6.2 Dodging


You had 4 spell levels left.
You didn't know any spells.

Dungeon Overview and Level Annotations

Branches:
Dungeon (1/1)

Altars:
Makhleb
Xom
Jiyva
Lugonu


Innate Abilities, Weirdness & Mutations

You are partially covered in sharp spines.


Message History

You hit the slime creature.
The slime creature is severely wounded.
The slime creature barely misses you.
You sock the slime creature!
The slime creature is almost dead.
The slime creature is struck by your spines.
The slime creature hits you!!
* * * LOW HITPOINT WARNING * * *
You hit the slime creature.
The slime creature is almost dead.
The slime creature closely misses you.
You hit the slime creature.
The slime creature is almost dead.
The slime creature is struck by your spines.
The slime creature hits you.
* * * LOW HITPOINT WARNING * * *
You hit the slime creature but do no damage.
The slime creature is almost dead.
The slime creature hits you!
You die...

################ ##
#<.#..').#.)J..#__#
#..'[.#..'.@#$$'..+
#..#####'#####+#__#
#..# #..# ### #..#
#### #..# #⌠⌠# ####


You could see a slime creature.

Vanquished Creatures
  Sigmund (D)
  An ogre (D)
  Ijyb (D)
3 creatures vanquished.

Notes
Turn   | Place    | Note
-------+----------+-------------------------------------------
     0 | D        | cultivahabas the Demonspawn Gladiator began the quest for the Orb.
     0 | D        | Reached XP level 1. HP: 16/16 MP: 1/1
     1 | D        | Noticed Ijyb
    22 | D        | Killed Ijyb
    22 | D        | Reached skill level 4 in Maces & Flails
    22 | D        | Gained mutation: You are partially covered in sharp spines. [demonic ancestry]
    22 | D        | Reached XP level 2. HP: 6/24 MP: 2/2
   368 | D        | Noticed an ogre
   373 | D        | Killed an ogre
   373 | D        | Reached skill level 6 in Maces & Flails
   373 | D        | Reached skill level 5 in Dodging
   373 | D        | Reached XP level 3. HP: 32/32 MP: 3/3
   373 | D        | Reached XP level 4. HP: 38/38 MP: 4/4
   378 | D        | Noticed Sigmund
   387 | D        | Killed Sigmund
   387 | D        | Reached skill level 8 in Maces & Flails
   387 | D        | Reached XP level 5. HP: 38/47 MP: 5/5
   513 | D        | Found a burning altar of Makhleb.
   513 | D        | Found a shimmering altar of Xom.
   513 | D        | Noticed a slime creature
   514 | D        | Found a viscous altar of Jiyva.
   514 | D        | Found a corrupted altar of Lugonu.
   530 | D        | Slain by a slime creature

Skill      XL: |  1  2  3  4 |
---------------+-------------+-----
Fighting       | 3 4 6 |  6.4
Maces & Flails | 4 6 8 |  8.4
Dodging        | 3 5 6 |  6.2
Throwing       | |  1.7

Action                   |  1- 3 |  4- 6 || total
-------------------------+-------+-------++-------
Melee: Flail             |    24 |    18 ||    42
Throw: Throwing net      |     1 |     1 ||     2
  Use: Potion            |       |     1 ||     1
 Stab: Held in net/web   |     1 |     1 ||     2
Armor: Leather armour    |     7 |     2 ||     9
Dodge: Dodged            |     7 |     5 ||    12
